Map: Acropolis LE

Players

Vanya

  • Race: Zerg Zerg
  • Spawn Location: 5:00

GunGFuBanDa - Winner!

  • Race: Protoss Protoss
  • Spawn Location: 11:00

Event: 2019 WCS Summer

VOD

Have the link to the VOD?

Description

Time

  • Played on: July 13, 2019, 6:19 a.m.
  • Length: 12:12

All games in this series

Show
View Real Time Build Order
Export as new Build Order

Vanya Zerg 

Build Orders: Hatch First 

Get SALT Encoding   

  12  0:00  Drone  
  13  0:13  Overlord  
  13  0:16  Drone  
  14  0:31  Drone x2  
  16  0:47  Hatchery  
  15  0:50  Drone  
  15  0:54  Drone  
  17  0:57  Drone  
  18  1:08  Extractor  
  17  1:13  Spawning Pool  
  17  1:16  Drone  
  17  1:21  Drone  
  18  1:28  Drone  
  19  1:40  Drone  
  20  1:50  Overlord  
  20  1:59  Queen  
  20  2:00  Zergling x4, Queen  
  26  2:09  Metabolic Boost  
  26  2:11  Drone  
  26  2:13  Drone  
  28  2:21  Drone  
  28  2:22  Drone  
  30  2:35  Hatchery  
  29  2:38  Drone  
  30  2:44  Queen  
  30  2:50  Overlord  
  32  2:53  Drone  
  32  2:54  Drone  
  32  2:55  Drone  
  35  2:59  Drone  
  35  3:08  Drone x2  
  35  3:09  Overlord  
  35  3:10  Drone  
  38  3:13  Drone  
  38  3:14  Drone  
  40  3:20  Queen  
  40  3:25  Drone x2  
  44  3:29  Drone x2  
  46  3:36  Spore Crawler  
  46  3:39  Zergling x8  
  46  3:40  Drone  
  50  3:43  Lair  
  50  3:47  Drone  
  51  3:51  Drone  
  51  3:52  Spore Crawler  
  51  3:53  Drone  
  52  3:56  Overlord  
  52  3:58  Drone x2  
  54  4:07  Overlord  
  54  4:09  Extractor  
  53  4:11  Extractor, Evolution Chamber  
  53  4:12  Overlord  
  53  4:15  Drone x3  
  53  4:16  Drone  
  55  4:18  Drone  
  55  4:24  Zergling x4  
  55  4:25  Zergling x2  
  55  4:28  Baneling Nest  
  56  4:31  Drone  
  56  4:32  Drone x2  
  57  4:40  Drone x2  
  57  4:43  Drone x3  
  62  4:50  Drone x2  
  64  4:53  Drone, Zerg Melee Weapons Level 1  
  64  4:56  Drone x2  
  64  4:57  Drone  
  68  5:03  Zergling x2  
  68  5:04  Zergling x8, Hydralisk Den  
  72  5:10  Zergling x4  
  72  5:12  Baneling x5  
  72  5:13  Overlord  
  74  5:15  Overlord  
  71  5:23  Drone, Overlord  
  71  5:24  Drone  
  71  5:26  Drone x5  
  73  5:33  Drone  
  73  5:34  Drone x5, Extractor  
  78  5:38  Grooved Spines  
  78  5:39  Drone  
  80  5:42  Drone  
  80  5:43  Drone  
  80  5:47  Drone  
  80  5:48  Drone  
  80  5:49  Extractor  
  83  5:50  Drone, Extractor  
  83  5:55  Drone  
  82  6:04  Overlord  
  78  6:06  Overlord  
  78  6:07  Zergling x2  
  78  6:08  Zergling x4  
  78  6:11  Hydralisk x3, Hatchery  
  78  6:17  Drone x2  
  84  6:23  Drone x4  
  84  6:24  Centrifical Hooks  
  88  6:26  Baneling x2  
  88  6:30  Hydralisk  
  88  6:31  Hydralisk  
  92  6:34  Hydralisk x2  
  92  6:36  Zergling x4  
  98  6:41  Baneling x4  
  98  6:42  Hydralisk x2  
  102  6:47  Hydralisk x2  
  105  6:55  Overlord  
  105  6:59  Hydralisk x3  
  105  7:00  Zergling x6  
  112  7:04  Overlord x2  
  112  7:06  Drone  
  113  7:12  Baneling x5  
  113  7:13  Baneling  
  113  7:14  Zergling x12  
  119  7:21  Muscular Augments  
  119  7:22  Zerg Missile Weapons Level 1  
  119  7:26  Hydralisk x2  
  119  7:27  Baneling, Zergling x4  
  125  7:31  Zergling x6  
  125  7:32  Zergling x2  
  125  7:36  Zergling x8  
  132  7:40  Infestation Pit, Drone  
  132  7:42  Drone  
  130  7:47  Drone x3  
  130  7:48  Drone  
  130  7:54  Drone  
  130  7:55  Drone  
  132  8:02  Zergling x6, Hatchery  
  132  8:03  Zergling x4  
  123  8:06  Zergling x6  
  123  8:07  Zergling x6  
  119  8:13  Zergling x2  
  119  8:14  Zergling x6  
  119  8:17  Hive  
  119  8:19  Spire  
  118  8:20  Drone, Extractor  
  118  8:21  Extractor  
  118  8:22  Baneling x4  
  118  8:23  Drone  
  118  8:25  Drone x3  
  121  8:28  Zergling x6  
  121  8:30  Baneling x5  
  121  8:31  Baneling  
  124  8:36  Hydralisk x3  
  124  8:38  Overseer  
  124  8:41  Drone x3  
  133  8:49  Baneling x19  
  133  8:50  Zergling x2  
  134  8:56  Hydralisk x2  
  134  8:57  Zergling x6  
  139  9:03  Drone  
  139  9:05  Baneling  
  139  9:06  Zergling x8  
  139  9:09  Overlord  
  143  9:10  Overlord  
  143  9:20  Overlord  
  143  9:21  Zergling x12  
  149  9:25  Baneling x3  
  149  9:26  Baneling, Overseer  
  149  9:27  Zerg Melee Weapons Level 2  
  149  9:31  Zergling x8  
  145  9:33  Greater Spire  
  143  9:39  Zergling x8  
  143  9:41  Hydralisk x4, Zergling x2  
  143  9:42  Zergling x2  
  154  9:47  Hydralisk x3, Zergling x2  
  154  9:52  Hydralisk x2  
  145  9:53  Zergling x4  
  145  9:57  Hydralisk x2  
  145  9:58  Zergling x2  
  147  10:04  Corruptor x2  
  151  10:07  Zergling x4  
  151  10:08  Zergling x2  
  151  10:09  Baneling  
  151  10:14  Corruptor x2  
  158  10:22  Drone x4  
  158  10:24  Baneling  
  158  10:25  Baneling x6  
  158  10:27  Hydralisk x2, Zergling x2  
  167  10:28  Extractor  
  167  10:30  Corruptor  
  167  10:32  Extractor  
  167  10:36  Hydralisk x2  
  167  10:37  Zergling x4  
  167  10:39  Baneling x2  
  172  10:57  Overlord  
  172  10:58  Overlord  
  158  11:09  Hydralisk x6  
  158  11:10  Zergling x8, Hydralisk  
  144  11:16  Zergling x2  
  144  11:17  Zergling x8  
  140  11:26  Hydralisk x4, Zergling x2  
  140  11:27  Zergling x2  
  149  11:35  Corruptor  
  154  11:40  Drone x2  
  154  11:41  Drone x3  
  154  11:44  Zergling x4  
  154  11:45  Zergling x4  
  134  11:55  Zergling x2  
Show
View Real Time Build Order
Export as new Build Order

GunGFuBanDa Protoss - Winner!

Build Orders: 1 Gate Expand, Oracle Opening, Phoenix Opening, Archon Immortal 

Get SALT Encoding   

  12  0:00  Probe  
  13  0:12  Probe  
  14  0:17  Pylon  
  14  0:24  Probe  
  15  0:32  Probe  
  15  0:39  Gateway  
  15  0:40  Probe  
  16  0:49  Assimilator  
  17  0:51  Probe  
  18  1:03  Probe  
  19  1:15  Probe  
  20  1:24  Nexus  
  20  1:34  Cybernetics Core  
  20  1:36  Probe  
  21  1:43  Assimilator  
  21  1:48  Probe  
  21  1:51  Pylon  
  22  2:00  Probe, Adept  
  23  2:08  Probe  
  26  2:17  Probe  
  26  2:20  Stargate  
  26  2:22  Adept  
  27  2:27  Probe  
  28  2:33  Warp Gate  
  28  2:36  Probe  
  31  2:39  Probe  
  32  2:48  Probe  
  33  2:51  Probe  
  34  3:00  Probe  
  34  3:03  Probe  
  36  3:06  Phoenix  
  36  3:08  Probe  
  39  3:15  Probe, Pylon  
  39  3:16  Probe  
  39  3:18  Gateway  
  40  3:24  Oracle  
  40  3:27  Probe x2  
  46  3:39  Probe, Gateway  
  46  3:40  Probe  
  48  3:51  Probe  
  48  3:52  Probe  
  50  3:57  Pylon  
  50  3:59  Nexus  
  50  4:01  Pylon  
  50  4:03  Probe  
  50  4:07  Oracle  
  50  4:08  Probe  
  52  4:12  Assimilator  
  52  4:14  Assimilator  
  52  4:15  Probe  
  56  4:21  Zealot  
  56  4:22  Zealot  
  60  4:27  Probe  
  61  4:31  Probe  
  62  4:39  Shield Battery  
  62  4:42  Probe  
  62  4:43  Oracle  
  62  4:44  Probe  
  67  4:45  Adept  
  67  4:48  Pylon  
  69  4:53  Robotics Facility  
  69  5:01  Probe, Pylon  
  69  5:04  Probe  
  71  5:08  Forge, Twilight Council  
  71  5:09  Sentry, Zealot  
  71  5:10  Probe  
  71  5:11  Probe  
  71  5:12  Probe  
  77  5:18  Probe  
  78  5:23  Probe  
  78  5:25  Probe  
  75  5:30  Immortal  
  75  5:31  Stalker, Sentry  
  75  5:32  Adept  
  81  5:37  Probe x2  
  81  5:39  Probe  
  88  5:49  Probe x2  
  90  5:52  Probe  
  90  5:56  Protoss Ground Weapons Level 1  
  91  6:00  Zealot x2  
  91  6:01  Probe  
  91  6:03  Adept  
  98  6:10  Charge  
  98  6:13  Pylon x2  
  98  6:21  Immortal  
  98  6:22  Templar Archives  
  98  6:23  Gateway  
  98  6:26  Assimilator, Gateway  
  98  6:27  Assimilator  
  98  6:30  Photon Cannon, Gateway  
  98  6:31  Gateway  
  102  6:36  Pylon  
  102  6:41  Probe, Psionic Storm  
  102  6:42  Probe x2  
  102  6:44  Pylon  
  102  6:46  Pylon  
  105  7:00  Observer, Probe  
  107  7:03  High Templar  
  107  7:06  Photon Cannon  
  107  7:07  Pylon  
  109  7:11  High Templar  
  109  7:12  Warp Prism, Pylon  
  109  7:13  Zealot  
  113  7:19  High Templar  
  117  7:25  High Templar  
  117  7:28  Pylon  
  119  7:32  Zealot x2, Pylon  
  119  7:45  Immortal  
  119  7:46  Sentry, Zealot x2  
  117  7:51  Photon Cannon  
  117  7:52  Pylon  
  117  8:05  Zealot, Archon x2  
  107  8:06  Zealot x2  
  111  8:12  Zealot x3  
  111  8:13  Zealot  
  111  8:16  Immortal  
  111  8:18  Protoss Ground Weapons Level 2  
  119  8:27  High Templar x3  
  125  8:34  High Templar  
  125  8:36  Sentry, Zealot  
  125  8:37  Zealot, Nexus  
  125  8:38  Pylon  
  133  8:48  Photon Cannon, Immortal  
  133  8:49  Shield Battery  
  133  8:58  Photon Cannon  
  133  9:01  Photon Cannon  
  133  9:02  Shield Battery  
  137  9:03  Pylon  
  137  9:07  Zealot x4  
  137  9:09  Blink  
  141  9:15  High Templar x2  
  141  9:16  Zealot  
  148  9:24  Probe x2, Pylon  
  148  9:25  Photon Cannon  
  148  9:27  Photon Cannon, Shield Battery  
  147  9:34  Immortal  
  147  9:37  Archon  
  143  9:40  Zealot x5  
  147  9:58  Photon Cannon  
  147  9:59  Photon Cannon  
  133  10:04  Fleet Beacon  
  133  10:05  Probe  
  133  10:06  Probe  
  135  10:07  Assimilator  
  135  10:09  Assimilator, Warp Prism  
  135  10:11  High Templar  
  135  10:12  Zealot x3, High Templar x3  
  147  10:16  Archon x2  
  147  10:17  Probe  
  148  10:32  Dark Shrine  
  148  10:33  Pylon  
  148  10:41  Zealot  
  150  10:44  Warp Prism  
  152  10:51  Gateway  
  152  10:52  Gateway  
  152  10:54  Gateway  
  158  10:57  Zealot x3  
  158  10:58  Zealot  
  164  11:08  Archon  
  150  11:15  Zealot x3  
  156  11:18  High Templar x2  
  156  11:19  High Templar  
  156  11:22  Immortal  
  162  11:25  High Templar  
  164  11:43  Zealot x3  
  164  11:44  Nexus  
  164  11:45  Pylon  
  156  12:00  Zealot x7  
Tags
 
Add a new tag
Caveats
  • Supply blocks, unpowered buildings, or Contaminate may cause inaccurate times.
  • Supply counts are checked every 10 seconds.